 Dungeon Crawl Stone Soup version 0.26.1-11-gd32895ea62 (webtiles) character file.

Game seed: 12915120655451162874

3181 seveneves the Basher (level 9, -8/75 HPs)
             Began as a Minotaur Fighter on July 20, 2021.
             Was a Priest of Elyvilon.
             Mangled by an orc warrior
             ... wielding a +0 broad axe
              (18 damage)
             ... on level 8 of the Dungeon.
             The game lasted 00:29:46 (5947 turns).

seveneves the Basher (Minotaur Fighter)             Turns: 5947, Time: 00:29:46

Health: -8/75      AC: 15    Str: 29    XL:     9   Next: 63%
Magic:  0/8        EV: 13    Int:  5    God:    Elyvilon [***...]
Gold:   519        SH: 13    Dex: 12    Spells: 8/8 levels left

rFire    . . .     SeeInvis .   r - +2 flail (protect)
rCold    . . .     Faith    .   c - +1 kite shield
rNeg     . . .     Spirit   +   z - +1 robe "Seumn" {rElec Str+4 Dex+3}
rPois    .         Reflect  .   (helmet restricted)
rElec    +         Harm     .   (no cloak)
rCorr    .         Rampage  .   l - +0 pair of gloves
Will     .....                  q - +2 pair of boots
Stlth    +.........             p - amulet of guardian spirit
HPRegen  0.22/turn              (no ring)
MPRegen  0.11/turn              (no ring)

@: marked, protection aura
A: retaliatory headbutt, horns 2
a: Renounce Religion, Lesser Healing, Heal Other, Purification, Divine
Protection


You were on level 8 of the Dungeon.
You worshipped Elyvilon.
Elyvilon was most pleased with you.
You visited 2 branches of the dungeon, and saw 9 of its levels.

You collected 519 gold pieces.

Inventory:

Hand Weapons
 a - a +1 long sword
 k - a +2 morningstar of freezing
 r - a +2 flail of protection (weapon)
 w - a +4 short sword
Missiles
 h - 6 javelins (quivered)
Armour
 b - a +0 scale mail
 c - a +1 kite shield (worn)
 l - a +0 pair of gloves (worn)
 q - a +2 pair of boots (worn)
 t - a scarf of harm
 z - the +1 robe "Seumn" (worn) {rElec Str+4 Dex+3}
   (You found it on level 8 of the Dungeon)

   It affects your strength (+4).
   It affects your dexterity (+3).
   It insulates you from electricity.
Jewellery
 p - an amulet of guardian spirit (around neck)
 u - an uncursed amulet of the acrobat
Wands
 f - a wand of polymorph (4)
 i - a wand of paralysis (10)
Scrolls
 g - 3 scrolls of teleportation
 j - a scroll of identify
 m - a scroll of fog
 n - a scroll of vulnerability {unknown}
 s - a scroll of noise {unknown}
 y - a scroll of remove curse
Potions
 d - 4 potions of might
 e - a potion of invisibility
 o - a potion of curing
 v - a potion of flight {unknown}
 x - a potion of ambrosia {unknown}


   Skills:
 + Level 6.2 Fighting
 + Level 6.0 Long Blades
 + Level 8.9 Maces & Flails
 + Level 1.7 Throwing
 + Level 6.6 Armour
 + Level 4.6 Dodging
 + Level 0.1 Stealth
 + Level 8.5 Shields
 + Level 0.3 Invocations


You had 8 spell levels left.
You didn't know any spells.
Your spell library contained the following spells:

 Spells                   Type           Power        Failure   Level
 Animate Skeleton         Necr           0%           77%         1
 Magic Dart               Conj           0%           77%         1
 Pain                     Necr           0%           77%         1
 Sting                    Tmut/Pois      0%           77%         1
 Blink                    Tloc           N/A          88%         2
 Call Imp                 Summ           0%           88%         2
 Poisonous Vapours        Pois/Air       0%           88%         2
 Slow                     Hex            0%           88%         2
 Sublimation of Blood     Necr           0%           88%         2
 Conjure Flame            Conj/Fire      0%           98%         3
 Ignite Poison            Fire/Tmut/Pois 0%           98%         3
 Mephitic Cloud           Conj/Pois/Air  0%           98%         3
 Vampiric Draining        Necr           0%           98%         3
 Olgreb's Toxic Radiance  Pois           0%           100%        4


Dungeon Overview and Level Annotations

Branches:
Dungeon (8/15)             Temple (1/1) D:4
   Lair: D:8-11

Altars:
Ashenzari
Dithmenos
Elyvilon
Fedhas
Gozag
Hepliaklqana
Kikubaaqudgha
Makhleb
Nemelex Xobeh
Okawaru
Qazlal
Ru
Sif Muna
Trog
Uskayaw
Vehumet
Wu Jian
Xom
Yredelemnul
Zin
The Shining One

Shops:
D:8 (

Annotations:
D:8 Grum


Innate Abilities, Weirdness & Mutations

You reflexively headbutt those who attack you in melee.
You have a pair of horns on your head.


Message History

Drop what? 26/52 slots (_ for help) (? for menu, Esc to quit)
Okay, then.
You are too confused!
You feel better. You block Grum's attack.
You hear some strange, mumbled words.
A magic dart appears from out of thin air!
The magic dart hits you. You block the jelly's attack.
The orc warrior hits you with a +0 broad axe!
* * * LOW HITPOINT WARNING * * *
You hit the orc wizard but do no damage.
You block Grum's attack. Something hits you but does no damage.
The jelly hits you.
* * * LOW HITPOINT WARNING * * *
You are splashed with acid!
* * * LOW HITPOINT WARNING * * *
You hit the orc wizard but do no damage.
You headbutt the orc wizard.
The orc wizard is lightly wounded.
The orc warrior hits you with a +0 broad axe!!
You die...

....... #.........#
...∩... #.........#
....... #..<......#
....... ##.........#
....(.. ##..........#
#J#....######...........#
#......ho.))..#.........#
#.###o{J#######..#######
.......#@oo..# #.##
...###.##oo.)# #.# . #.
#g..# .# #. ..(# .# #.
./## .. ## ..


You could see Grum, an orc warrior, a hound, a jelly, an orc wizard and 4 orcs.

Vanquished Creatures
  Sigmund (D:4)
  Eustachio (D:4)
  Menkaure (D:6)
  A black bear (D:7)
  5 ogres
  4 ice beasts
  3 wolves (D:8)
  2 centaurs (D:6)
  3 bullfrogs
  3 scorpions
  A water moccasin zombie (D:7)
  2 wyvern skeletons
  A troll zombie (D:6)
  A yak zombie (D:5)
  5 wights (D:7)
  A troll skeleton (D:7)
  3 bullfrog zombies
  2 centaur zombies (D:7)
  3 hounds
  5 orc priests
  Jessica (D:2)
  A bullfrog skeleton (D:5)
  2 iguanas
  3 worker ants
  A black bear skeleton (D:7)
  8 orc wizards
  An acid dragon zombie (D:4)
  An ogre zombie (D:6)
  A sky beast zombie (D:5)
  An ogre skeleton (D:6)
  2 hound skeletons
  A worker ant zombie (D:5)
  A howler monkey skeleton (D:5)
  6 adders
  7 gnolls
  A steam dragon skeleton (D:7)
  A gnoll skeleton (D:7)
  A shadow imp (D:7)
  2 white imps
  3 ufetubi (D:5)
  3 oozes
  A worm zombie (D:5)
  3 adder zombies
  3 adder skeletons
  3 worms
  A dart slug (D:1)
  6 leopard geckos
  27 orcs
  9 giant cockroaches
  3 goblins (D:1)
  10 hobgoblins
  3 jackals (D:2)
  4 kobolds
  2 ball pythons (D:2)
  6 bats
  5 frilled lizards
  A goblin skeleton (D:7)
  A hobgoblin skeleton (D:7)
  A jackal skeleton (D:7)
  A kobold zombie (D:5)
  A leopard gecko skeleton (D:7)
  2 orc skeletons
  2 orc zombies (D:5)
  2 quokka skeletons
  8 rats
  A rat zombie (D:4)
202 creatures vanquished.

Notes
Turn   | Place    | Note
-------+----------+-------------------------------------------
     0 | D:1      | seveneves the Minotaur Fighter began the quest for the Orb.
     0 | D:1      | Reached XP level 1. HP: 19/19 MP: 0/0
   243 | D:1      | Reached XP level 2. HP: 19/27 MP: 1/1
   760 | D:2      | Reached XP level 3. HP: 33/33 MP: 2/2
   846 | D:2      | Noticed Jessica
   881 | D:2      | Killed Jessica
  1042 | D:2      | Found a faded altar of an unknown god.
  1047 | D:2      | Became a worshipper of Kikubaaqudgha
  1047 | D:2      | Reached * piety under Kikubaaqudgha
  1047 | D:2      | Identified Kikubaaqudgha's Tome of Evil (Kikubaaqudgha
                  | gifted it to you on level 2 of the Dungeon)
  1047 | D:2      | Received a gift from Kikubaaqudgha
  1178 | D:2      | Reached XP level 4. HP: 25/40 MP: 3/3
  1695 | D:3      | Reached skill level 1 in Dodging
  1695 | D:3      | Reached XP level 5. HP: 21/47 MP: 1/4
  1842 | D:3      | Reached ** piety under Kikubaaqudgha
  2221 | D:4      | Reached skill level 5 in Long Blades
  2295 | D:4      | Noticed an ogre
  2304 | D:4      | Killed an ogre
  2305 | D:4      | Reached skill level 5 in Armour
  2305 | D:4      | Reached XP level 6. HP: 53/53 MP: 5/5
  2409 | D:4      | Noticed Eustachio
  2411 | D:4      | Found a staircase to the Ecumenical Temple.
  2430 | D:4      | Killed Eustachio
  2431 | D:4      | Reached skill level 5 in Fighting
  2431 | D:4      | Reached skill level 5 in Shields
  2431 | D:4      | Reached XP level 7. HP: 47/61 MP: 4/6
  2450 | Temple   | Entered the Ecumenical Temple
  2565 | Temple   | Fell from the grace of Kikubaaqudgha
  2565 | Temple   | Became a worshipper of Elyvilon the Healer
  2693 | D:4      | Noticed Sigmund
  2702 | D:4      | Killed Sigmund
  2703 | D:4      | Reached skill level 1 in Maces & Flails
  2806 | D:5      | Entered Level 5 of the Dungeon
  3283 | D:5      | Reached XP level 8. HP: 28/69 MP: 3/7
  3518 | D:5      | Reached * piety under Elyvilon
  4036 | D:6      | Reached skill level 5 in Maces & Flails
  4041 | D:6      | Reached skill level 1 in Throwing
  4253 | D:6      | Noticed Menkaure
  4261 | D:6      | Killed Menkaure
  4366 | D:6      | Reached XP level 9. HP: 30/75 MP: 6/8
  4864 | D:7      | Reached ** piety under Elyvilon
  5353 | D:7      | Found a shadowy altar of Dithmenos.
  5443 | D:7      | Was forgiven by Kikubaaqudgha
  5879 | D:8      | Reached *** piety under Elyvilon
  5887 | D:8      | Got an ominously black robe
  5893 | D:8      | Identified the +1 robe "Seumn" {rElec Str+4 Dex+3} (You
                  | found it on level 8 of the Dungeon)
  5925 | D:8      | Found Nissuruo's Antique Weapon Shoppe.
  5933 | D:8      | Noticed Grum
  5947 | D:8      | Mangled by an orc warrior

Illustrated notes

Levels and vault maps discovered:
D:1:      lightli_arrival_chessboard, layout_loops_corners,
          minmay_misc_feat_roman, serial_park_tiny_pond
D:2:      layout_basic, chequers_ecumenical_altar_grove,
          chequers_serial_rivers_small_b, minmay_worlds_worst_comb, uniq_jessica
D:3:      layout_loops_ring, st_stairs_11, uniq_crazy_yiuf_cottage
D:4:      layout_cave_pools, minmay_temple_entry_statues_fountains,
          uniq_eustachio, uniq_sigmund
D:5:      layout_basic
D:6:      layout_basic, uniq_menkaure
D:7:      layout_basic, minmay_misc_feat_tiny, minmay_misc_feat_columns,
          grunt_decor_mini_mirrors, roderic_lattice_a, grunt_dithmenos_smoke
D:8:      layout_rooms, serial_shops, shop, basic_altar, uniq_grum
Temple:   nicolae_temple_the_god_donut

Skill      XL: |  1  2  3  4  5  6  7  8  9 |
---------------+----------------------------+-----
Fighting       | 4 5 6 |  6.2
Shields        | 4 5 6 7 8 |  8.5
Armour         | 4 5 6 |  6.6
Long Blades    | 3 4 5 6 |  6.0
Dodging        | 1 2 4 |  4.6
Maces & Flails | 3 6 8 |  8.9
Throwing       | 1 |  1.7
Stealth        | |  0.1
Invocations    | |  0.3

Action                   |  1- 3 |  4- 6 |  7- 9 || total
-------------------------+-------+-------+-------++-------
Melee: Long sword        |    66 |   111 |       ||   177
       Headbutt          |     8 |    27 |    78 ||   113
       Flail             |       |    21 |   417 ||   438
Throw: Javelin           |     2 |     1 |    12 ||    15
Invok: Receive Corpses   |       |     1 |       ||     1
       Lesser Healing    |       |       |     7 ||     7
  Use: Scroll            |       |     8 |     7 ||    15
       Potion            |       |       |     7 ||     7
Armor: Scale mail        |    34 |    90 |   236 ||   360
       Robe              |       |       |    11 ||    11
Dodge: Dodged            |    31 |    38 |   213 ||   282
Block: Kite shield       |    39 |    80 |   326 ||   445
       Rpst.: Long sword |    10 |     6 |       ||    16
